 Dungeon Crawl Stone Soup version 0.30-a0-937-ga0a21ad780 (webtiles) character file.

Game seed: 18065372886622601609

345 arthad the Shield-Bearer (level 6, 0/39 HPs)
             Began as a Gargoyle Fighter on Mar 24, 2023.
             Slain by a gnoll
             ... wielding a +0 flail
             ... led by a gnoll bouda
              (4 damage)
             ... on level 5 of the Dungeon on Mar 25, 2023.
             The game lasted 00:05:03 (1953 turns).

arthad the Shield-Bearer (Gargoyle Fighter)         Turns: 1953, Time: 00:05:03

Health: 0/39       AC: 11    Str: 22    XL:     6   Next: 58%
Magic:  6/6        EV:  9    Int:  8    God:
Gold:   215        SH:  4    Dex:  9    Spells: 5/5 levels left

rFire   . . .      SeeInvis .    a - +0 flail
rCold   . . .      Faith    .    c - +0 buckler
rNeg    + . .      Spirit   .    b - +0 scale mail
rPois   ∞          Reflect  .    (no helmet)
rElec   +          Rampage  .    (no cloak)
rCorr   .                        (no gloves)
Will    .....                    (no boots) Stlth
                                 (no amulet)
HPRegen 0.26/turn                (no ring)
MPRegen 0.10/turn                (no ring)

@: mighty, weakened
A: sickness immunity, AC +4, negative energy resistance 1, electricity
resistance, torment resistance 1, petrification resistance, deterioration 1,
devolution 1
a: no special abilities


You were on level 5 of the Dungeon.
You visited 1 branch of the dungeon, and saw 7 of its levels.

You collected 215 gold pieces.

Inventory:

Hand Weapons
 a - a +0 flail (weapon)
Armour
 b - a +0 scale mail (worn)
 c - a +0 buckler (worn)
Magical Staves
 w - a staff of conjuration
Jewellery
 f - a ring of flight
 i - an amulet of guardian spirit
Wands
 g - a wand of flame (12)
 o - a wand of mindburst (15)
Scrolls
 h - 2 scrolls of identify
 k - a scroll of enchant armour {unknown}
 m - a scroll of magic mapping {unknown}
 n - 2 scrolls of poison {unknown}
 p - 2 scrolls of amnesia {unknown}
 r - a scroll of fog {unknown}
 v - 2 scrolls of teleportation {unknown}
Potions
 e - 2 potions of brilliance
 j - a potion of attraction
 l - a potion of flight
 q - a potion of haste
 s - a potion of magic


   Skills:
 + Level 4.7 Fighting
 + Level 3.7 Maces & Flails
 + Level 4.8 Armour
 + Level 4.8 Shields


You had 5 spell levels left.
You didn't know any spells.
Your spell library was empty.

Dungeon Overview and Level Annotations

Branches:
Dungeon (7/15)
 Temple: D:4-7

Altars:

Annotations:
D:3 1 transporter, deadpool521's ghost, amateur MiFi


Innate Abilities, Weirdness & Mutations

You are immune to sickness and miasma.
Your stone body is resilient. (AC +4)
You are immune to poison.
You resist negative energy. (rN+)
You are resistant to electric shocks. (rElec)
You are resistant to unholy torment.
You are immune to petrification.
Your body sometimes deteriorates upon taking damage.
You have hidden genetic defects.


Message History

The gnoll bouda is healed somewhat.
You closely miss the gnoll bouda.
The gnoll bouda is heavily wounded.
The gnoll bouda hits you but does no damage.
The gnoll bouda gazes fiercely through you!
You feel your attacks grow feeble. You block the gnoll bouda's attack.
You thump the gnoll bouda!
The gnoll bouda is almost dead.
The gnoll bouda utters an invocation to its god.
The gnoll bouda is healed somewhat.
You barely miss the gnoll bouda.
The gnoll bouda is severely wounded.
The gnoll bouda gazes fiercely through you!
You feel as though you will be weak longer.
The gnoll bouda hits you with a +0 club.
* * * LOW HITPOINT WARNING * * *
You sock the gnoll bouda!
You kill the gnoll bouda!
You feel your dexterity returning.
You hit the gnoll.
The gnoll is heavily wounded.
The gnoll is no longer moving quickly.
The gnoll hits you with a +0 flail.
* * * LOW HITPOINT WARNING * * *
The gnoll barely misses you.
You barely miss the gnoll.
The gnoll is heavily wounded.
The gnoll is no longer moving quickly.
You block the gnoll's attack.
You hit the gnoll.
The gnoll is almost dead.
You block the gnoll's attack.
You closely miss the gnoll.
The gnoll is almost dead.
The gnoll barely misses you.
You closely miss the gnoll.
The gnoll is almost dead.
The gnoll hits you with a +0 flail.
* * * LOW HITPOINT WARNING * * *
The gnoll hits you with a +0 flail.
You die...

... ###..#
..?..## .....
....# #
##...#.#
#......#.#
#.####g.......
#...@gg..#####
#######.## .#
+#


You could see 3 gnolls.

Vanquished Creatures
  Sigmund (D:3)
  A gnoll bouda (D:5)
  A jelly (D:3)
  An orc wizard (D:6)
  A gnoll (D:5)
  3 adders
  An ufetubus (D:3)
  2 dart slugs
  6 ball pythons
  6 endoplasms
  4 giant cockroaches
  6 goblins
  6 hobgoblins
  3 kobolds
  6 bats
  4 frilled lizards
  10 rats
62 creatures vanquished.

Notes
Turn   | Place    | Note
-------+----------+-------------------------------------------
     0 | D:1      | arthad the Gargoyle Fighter began the quest for the Orb.
     0 | D:1      | Reached XP level 1. HP: 14/14 MP: 1/1
   111 | D:1      | Reached XP level 2. HP: 15/19 MP: 2/2
   646 | D:2      | Reached XP level 3. HP: 23/23 MP: 3/3
  1183 | D:3      | Reached XP level 4. HP: 28/29 MP: 4/4
  1517 | D:3      | Identified the +8 dire flail of the Eternal Void {heavy,
                  | rPois Int+2 Dex+2}
  1517 | D:3      | Noticed an ogre
  1517 | D:3      | Noticed deadpool521's ghost (amateur MiFi)
  1518 | D:3      | Found a transporter.
  1518 | D:3      | Noticed an ogre
  1591 | D:3      | Noticed Sigmund
  1630 | D:3      | Killed Sigmund
  1631 | D:3      | Reached XP level 5. HP: 22/34 MP: 5/5
  1631 | D:3      | Reached XP level 6. HP: 25/39 MP: 6/6
  1841 | D:4      | You fall into a shaft and drop 3 floors!
  1880 | D:5      | Entered Level 5 of the Dungeon
  1938 | D:5      | Gained mutation: You have hidden genetic defects. [potion
                  | of mutation]
  1938 | D:5      | Gained mutation: Your body sometimes deteriorates upon
                  | taking damage. [potion of mutation]
  1953 | D:5      | Slain by a gnoll

Illustrated notes

Levels and vault maps discovered:
D:1:      matt_arrival_grand_opening, layout_rooms, minmay_circled_x
D:2:      layout_basic
D:3:      layout_rooms, gammafunk_ghost_smash, uniq_sigmund
D:4:      layout_basic, pdpol_wu_jian_five_deadly_venoms,
          minmay_temple_entry_poolview
D:5:      minmay_chambers_of_threes, layout_loops_corners,
          minmay_misc_feat_doors, st_stairs_10, minmay_pentangle
D:6:      layout_basic, lemuel_zombie_altar_kikubaaqudgha,
          mainiacjoe_overflow_boulevard, mainiacjoe_overflow_surrounded_room,
          serial_shops, nicolae_shop_waterfront, serial_park_tiny_pond,
          mrwooster_statue_mirror, uniq_maggie
D:7:      layout_gridville

Skill      XL: |  1  2  3  4 |
---------------+-------------+-----
Armour         | 4 |  4.8
Shields        | 4 |  4.8
Fighting       | 4 |  4.7
Maces & Flails | 3 |  3.7

Action                     |  1- 3 |  4- 6 || total
---------------------------+-------+-------++-------
  Melee: Flail             |   142 |   142 ||   284
    Use: Potion            |       |    10 ||    10
         Scroll            |       |     1 ||     1
 Armour: Scale mail        |    93 |    78 ||   171
         Skin              |       |     6 ||     6
  Dodge: Dodged            |    78 |    51 ||   129
  Block: Buckler           |    42 |    34 ||    76

Table legend: (Time is in decaauts)
 A = Elapsed time spent in this place.
 B = Non-inter-level travel time spent in this place.
 C = Inter-level travel time spent in this place.
 D = Time resting spent in this place.
 E = Time spent auto-exploring this place.
 F = Levels seen in this place.
 G = Mean time per level.
                   A        B        C        D        E       F      G
               +--------+--------+--------+--------+--------+-----+--------+
         Total |   2020 |   1970 |     50 |      0 |   1371 |   7 |  288.6 |
       Dungeon |   2020 |   1970 |     50 |      0 |   1371 |   7 |  288.6 |
               +--------+--------+--------+--------+--------+-----+--------+

Top non-repeatable levels by time:
     D:3: 686 daAuts
     D:1: 608 daAuts
     D:2: 579 daAuts
     D:6: 71 daAuts
     D:5: 48 daAuts
     D:4: 22 daAuts
     D:7: 2 daAuts
